| TOP OF THE 1ST |
|
University of Miami Hurricanes batting - Pitching for University of Florida Gators : RHP Norman Hewat
|
|
Pitching: RHP Norman Hewat
|
|
|
Batting: RHB Guo Kwok
|
0-0: Called Strike 0-1: Foul Ball, location: 2F 0-2: Ground out 4-3 (Groundball, 4, EV 83.8 MPH)
|
|
Batting: LHB Timotheus Young
|
0-0: Fly out, F8 (Flyball, 89M, EV 90.6 MPH)
|
|
Batting: RHB Cesar Rendon
|
0-0: Ball 1-0: Called Strike 1-1: SINGLE (Groundball, 4MD, EV 95.6 MPH)
|
|
Batting: LHB Eric Willis
|
0-0: Foul Ball, location: 2F 0-1: Swinging Strike 0-2: Foul Ball, location: 2F 0-2: SINGLE (Line Drive, 7S, EV 92.5 MPH) Cesar Rendon to second
|
|
Batting: LHB Kiyosumi Yoshioka
|
0-0: Swinging Strike 0-1: Swinging Strike 0-2: Ball 1-2: Ball 2-2: Ball 3-2: SINGLE (Groundball, 4M, EV 93.8 MPH) Cesar Rendon to third Eric Willis to second Cesar Rendon scores Eric Willis to third
|
|
Batting: RHB Dustin Goldsborough
|
0-0: Foul Ball, location: 2F 0-1: Foul Ball, location: 2F 0-2: Ball 1-2: Ball 2-2: Ball 3-2: Strikes out swinging
|
| Top of the 1st over - 1 run, 3 hits, 0 errors, 2 left on base; University of Miami 1 - University of Florida 0 |
| BOTTOM OF THE 1ST |
|
University of Florida Gators batting - Pitching for University of Miami Hurricanes : RHP Leon Valle
|
|
Pitching: RHP Leon Valle
|
|
|
Batting: RHB Troy Morin
|
0-0: Ball 1-0: Ground out 1-3 (Groundball, 15S, EV 68.1 MPH)
|
|
Batting: SHB Sun-wei Ng
|
0-0: Called Strike 0-1: Ball 1-1: Ball 2-1: Foul Ball, location: 2F 2-2: Foul Ball, location: 2F 2-2: Foul Ball, location: 2F 2-2: Ball 3-2: SINGLE (Line Drive, 5D, EV 103.1 MPH)
|
|
Batting: LHB Andy Buschlen
|
0-0: Called Strike 0-1: Ball 1-1: Ball 2-1: Foul Ball, location: 2F 2-2: Grounds into double play, 6-4-3 (Groundball, 6, EV 86.9 MPH)
|
| Bottom of the 1st over - 0 runs, 1 hit, 0 errors, 0 left on base; University of Miami 1 - University of Florida 0 |
| TOP OF THE 2ND |
|
University of Miami Hurricanes batting - Pitching for University of Florida Gators : RHP Norman Hewat
|
|
Batting: SHB Dan Strickland
|
0-0: Called Strike 0-1: Ground out 4-3 (Groundball, 4M, EV 108.8 MPH)
|
|
Batting: RHB Akira Kubo
|
0-0: Ground out 4-3 (Groundball, 34, EV 86.2 MPH)
|
|
Batting: RHB Alex Velasco
|
0-0: Ball 1-0: Ball 2-0: Ball 3-0: Base on Balls
|
|
Batting: RHB Guo Kwok
|
0-0: Called Strike 0-1: Ball 1-1: Ball Passed Ball! Alex Velasco to second 2-1: Fly out, F5 (Flyball, 5D, EV 82.5 MPH)
|
| Top of the 2nd over - 0 runs, 0 hits, 0 errors, 1 left on base; University of Miami 1 - University of Florida 0 |
| BOTTOM OF THE 2ND |
|
University of Florida Gators batting - Pitching for University of Miami Hurricanes : RHP Leon Valle
|
|
Batting: LHB Tomas Espino
|
0-0: Ground out 4-3 (Groundball, 34, EV 99.4 MPH)
|
|
Batting: RHB Tim Dower
|
0-0: Foul Ball, location: 2F 0-1: Ball 1-1: Called Strike 1-2: DOUBLE (Flyball, 89D, EV 110.6 MPH)
|
|
Batting: RHB Alejandro Gomez
|
0-0: Called Strike 0-1: Ball 1-1: Ball 2-1: Foul Ball, location: 2F 2-2: Fly out, F7 (Flyball, 78S, EV 97.5 MPH)
|
|
Batting: RHB Eddie Luna
|
0-0: Ball 1-0: Called Strike 1-1: Ball 2-1: Foul Ball, location: 2F 2-2: Fly out, F9 (Flyball, 9S, EV 93.1 MPH)
|
| Bottom of the 2nd over - 0 runs, 1 hit, 0 errors, 1 left on base; University of Miami 1 - University of Florida 0 |
| TOP OF THE 3RD |
|
University of Miami Hurricanes batting - Pitching for University of Florida Gators : RHP Norman Hewat
|
|
Batting: LHB Timotheus Young
|
0-0: Ball 1-0: Ball 2-0: Called Strike 2-1: Foul Ball, location: 2F 2-2: Strikes out swinging
|
|
Batting: RHB Cesar Rendon
|
0-0: Swinging Strike 0-1: Ball 1-1: Fly out, F5 (Flyball, 5D, EV 93.8 MPH)
|
|
Batting: LHB Eric Willis
|
0-0: Fly out, F9 (Line Drive, 9, EV 90.0 MPH)
|
| Top of the 3rd over - 0 runs, 0 hits, 0 errors, 0 left on base; University of Miami 1 - University of Florida 0 |
| BOTTOM OF THE 3RD |
|
University of Florida Gators batting - Pitching for University of Miami Hurricanes : RHP Leon Valle
|
|
Batting: RHB Ryan Jennings
|
0-0: Called Strike 0-1: Swinging Strike 0-2: Foul Ball, location: 2F 0-2: Foul Ball, location: 2F 0-2: Ball 1-2: Strikes out looking
|
|
Batting: RHB Amare Brown
|
0-0: Ball 1-0: Foul Ball, location: 2F 1-1: Ground out 5-3 (Groundball, 56S, EV 78.1 MPH)
|
|
Batting: RHB Troy Morin
|
0-0: SINGLE (Groundball, 4MD, EV 96.9 MPH)
|
|
Batting: SHB Sun-wei Ng
|
0-0: Ball 1-0: Fly out, F8 (Flyball, 8RS, EV 81.9 MPH)
|
| Bottom of the 3rd over - 0 runs, 1 hit, 0 errors, 1 left on base; University of Miami 1 - University of Florida 0 |
| TOP OF THE 4TH |
|
University of Miami Hurricanes batting - Pitching for University of Florida Gators : RHP Norman Hewat
|
|
Batting: LHB Kiyosumi Yoshioka
|
0-0: Called Strike 0-1: Fly out, F9 (Line Drive, 9, EV 87.5 MPH)
|
|
Batting: RHB Dustin Goldsborough
|
0-0: Ball 1-0: Ball 2-0: Foul Ball, location: 2F 2-1: Foul Ball, location: 2F 2-2: Ball 3-2: Base on Balls
|
|
Batting: SHB Dan Strickland
|
0-0: Ball 1-0: Called Strike Pickoff Throw to First - Out! 1-3 1-1: Foul Ball, location: 2F 1-2: Foul Ball, location: 2F 1-2: Fly out, F8 (Flyball, 8LD, EV 90.6 MPH)
|
| Top of the 4th over - 0 runs, 0 hits, 0 errors, 0 left on base; University of Miami 1 - University of Florida 0 |
| BOTTOM OF THE 4TH |
|
University of Florida Gators batting - Pitching for University of Miami Hurricanes : RHP Leon Valle
|
|
Batting: LHB Andy Buschlen
|
0-0: Ball 1-0: Ball 2-0: Ball 3-0: Called Strike 3-1: Foul Ball, location: 2F 3-2: Foul Ball, location: 2F 3-2: Base on Balls
|
|
Batting: LHB Tomas Espino
|
0-0: Fly out, F5 (Popup, 5SF, EV 73.1 MPH)
|
|
Batting: RHB Tim Dower
|
0-0: Ball 1-0: SINGLE (Groundball, 6MD, EV 105.6 MPH) Andy Buschlen to second Runner from 2nd tries for 3rd, SAFE, throw by CF made at trailing runner, OUT! 8-4
|
|
Batting: RHB Alejandro Gomez
|
0-0: Ball 1-0: Ball 2-0: Ball 3-0: Base on Balls
|
|
Batting: RHB Eddie Luna
|
0-0: Ball 1-0: Ball 2-0: Foul Ball, location: 2F 2-1: DOUBLE (Flyball, 8LXD, EV 95.6 MPH) Andy Buschlen scores Alejandro Gomez to third Runner from 3rd tries for Home, SAFE, no throw by CF
|
|
Batting: RHB Ryan Jennings
|
0-0: Ball 1-0: Ground out 6-3 (Groundball, 6, EV 85.6 MPH)
|
| Bottom of the 4th over - 2 runs, 2 hits, 0 errors, 1 left on base; University of Miami 1 - University of Florida 2 |
| TOP OF THE 5TH |
|
University of Miami Hurricanes batting - Pitching for University of Florida Gators : RHP Norman Hewat
|
|
Batting: RHB Akira Kubo
|
0-0: Called Strike 0-1: DOUBLE (Flyball, 78XD, EV 106.9 MPH)
|
|
Batting: RHB Alex Velasco
|
0-0: Foul Ball, location: 2F 0-1: Ball 1-1: Fly out, F8 (Flyball, 8RD, EV 90.0 MPH)
|
|
Batting: RHB Guo Kwok
|
0-0: Ground out 5-3 (Groundball, 56S, EV 89.4 MPH)
|
|
Batting: LHB Timotheus Young
|
0-0: Called Strike 0-1: Ball 1-1: Called Strike 1-2: Fly out, F5 (Popup, 56S, EV 86.2 MPH)
|
| Top of the 5th over - 0 runs, 1 hit, 0 errors, 1 left on base; University of Miami 1 - University of Florida 2 |
| BOTTOM OF THE 5TH |
|
University of Florida Gators batting - Pitching for University of Miami Hurricanes : RHP Leon Valle
|
|
Batting: RHB Amare Brown
|
0-0: Ball 1-0: Foul Ball, location: 2F 1-1: Called Strike 1-2: Strikes out looking
|
|
Batting: RHB Troy Morin
|
0-0: Swinging Strike 0-1: Ball 1-1: Ball 2-1: Foul Ball, location: 2F 2-2: Strikes out swinging
|
|
Batting: SHB Sun-wei Ng
|
0-0: Foul Ball, location: 2F 0-1: Foul Ball, location: 2F 0-2: Ball 1-2: SINGLE (Groundball, 34S, EV 66.2 MPH) (infield hit)
|
|
Pitching: RHP Dan Keck
|
|
|
Batting: LHB Andy Buschlen
|
0-0: Called Strike 0-1: Called Strike 0-2: Ball 1-2: SINGLE (Groundball, 4, EV 96.9 MPH) Sun-wei Ng to second Runner from 2nd tries for 3rd, SAFE, throw by RF made to third
|
|
Batting: LHB Tomas Espino
|
0-0: Ball 1-0: 3-RUN HOME RUN (Flyball, 78XD, EV 105.0 MPH), Distance : 416 ft
|
|
Batting: RHB Tim Dower
|
0-0: SINGLE (Flyball, 4MD, EV 92.5 MPH)
|
|
Batting: RHB Alejandro Gomez
|
0-0: Called Strike 0-1: Foul Ball, location: 2F 0-2: Foul Ball, location: 2F 0-2: Strikes out looking
|
| Bottom of the 5th over - 3 runs, 4 hits, 0 errors, 1 left on base; University of Miami 1 - University of Florida 5 |
| TOP OF THE 6TH |
|
University of Miami Hurricanes batting - Pitching for University of Florida Gators : RHP Norman Hewat
|
|
Batting: RHB Cesar Rendon
|
0-0: Called Strike 0-1: Called Strike 0-2: Ball 1-2: SINGLE (Line Drive, 34, EV 103.1 MPH)
|
|
Batting: LHB Eric Willis
|
0-0: Called Strike 0-1: Swinging Strike 0-2: Ball 1-2: Strikes out looking
|
|
Batting: LHB Kiyosumi Yoshioka
|
0-0: Fielders Choice at 2nd, 3-6 (Groundball, 34S, EV 79.4 MPH)
|
|
Pitching: RHP Eddie Laura
|
|
|
Batting: RHB Dustin Goldsborough
|
0-0: Foul Ball, location: 2F 0-1: Called Strike 0-2: Strikes out swinging
|
| Top of the 6th over - 0 runs, 1 hit, 0 errors, 1 left on base; University of Miami 1 - University of Florida 5 |
| BOTTOM OF THE 6TH |
|
University of Florida Gators batting - Pitching for University of Miami Hurricanes : RHP Dan Keck
|
|
Batting: RHB Eddie Luna
|
0-0: Called Strike 0-1: Swinging Strike 0-2: Ball 1-2: Ground out 4-3 (Groundball, 4, EV 83.1 MPH)
|
|
Batting: RHB Ryan Jennings
|
0-0: Ball 1-0: Called Strike 1-1: Ball 2-1: Swinging Strike 2-2: Foul Ball, location: 2F 2-2: Strikes out swinging
|
|
Batting: RHB Amare Brown
|
0-0: Swinging Strike 0-1: Ball 1-1: Foul Ball, location: 2F 1-2: SINGLE (Groundball, 6S, EV 95.6 MPH)
|
|
Batting: RHB Troy Morin
|
0-0: Ball 1-0: Fly out, F8 (Flyball, 8RXD, EV 105.0 MPH)
|
| Bottom of the 6th over - 0 runs, 1 hit, 0 errors, 1 left on base; University of Miami 1 - University of Florida 5 |
| TOP OF THE 7TH |
|
University of Miami Hurricanes batting - Pitching for University of Florida Gators : RHP Eddie Laura
|
|
Batting: SHB Dan Strickland
|
0-0: Foul Ball, location: 2F 0-1: Ball 1-1: Ground out 5-3 (Groundball, 56S, EV 83.8 MPH)
|
|
Batting: RHB Akira Kubo
|
0-0: Called Strike 0-1: Foul Ball, location: 2F 0-2: SINGLE (Groundball, 5L, EV 84.4 MPH) (infield hit)
|
|
Batting: RHB Alex Velasco
|
0-0: Ball 1-0: Ball 2-0: Called Strike 2-1: SINGLE (Line Drive, 6M, EV 104.4 MPH) Akira Kubo to second
|
|
Batting: RHB Guo Kwok
|
0-0: Ball 1-0: Ball 2-0: Ball 3-0: Base on Balls Akira Kubo to third Alex Velasco to second
|
|
Pinch Hitting: RHB Daniel Molina
|
0-0: SINGLE (Groundball, 6M, EV 95.6 MPH) (infield hit) Akira Kubo scores Alex Velasco to third Guo Kwok to second
|
|
Batting: RHB Cesar Rendon
|
0-0: Foul Ball, location: 2F 0-1: Swinging Strike 0-2: Ball 1-2: Foul Ball, location: 2F 1-2: Ball 2-2: Foul Ball, location: 2F 2-2: Foul Ball, location: 2F 2-2: Foul Ball, location: 2F 2-2: Ball 3-2: Foul Ball, location: 2F 3-2: Foul Ball, location: 2F 3-2: Foul Ball, location: 2F 3-2: Foul Ball, location: 2F 3-2: Foul Ball, location: 2F 3-2: Foul Ball, location: 2F 3-2: Base on Balls Alex Velasco scores Guo Kwok to third Daniel Molina to second
|
|
Batting: LHB Eric Willis
|
0-0: Ball 1-0: Grounds into fielders choice 3-2 (Groundball, 3S, EV 71.2 MPH) Daniel Molina to third Cesar Rendon to second
|
|
Batting: LHB Kiyosumi Yoshioka
|
0-0: Ball 1-0: Foul Ball, location: 2F 1-1: Foul Ball, location: 2F 1-2: Ball 2-2: Strikes out swinging
|
| Top of the 7th over - 2 runs, 3 hits, 0 errors, 3 left on base; University of Miami 3 - University of Florida 5 |
| BOTTOM OF THE 7TH |
|
University of Florida Gators batting - Pitching for University of Miami Hurricanes : RHP Dan Keck
|
|
Pitching: RHP Ramon Mena
|
|
|
Now in CF: Earl Crabtree
|
|
|
Batting: SHB Sun-wei Ng
|
0-0: Ball 1-0: Ball 2-0: Called Strike 2-1: Ball 3-1: Foul Ball, location: 2F 3-2: SINGLE (Groundball, 3S, EV 63.1 MPH) (infield hit)
|
|
Batting: LHB Andy Buschlen
|
0-0: Called Strike 0-1: Ball 1-1: Fielders Choice at 2nd, 4-6 (Groundball, 4M, EV 91.9 MPH)
|
|
Batting: LHB Tomas Espino
|
0-0: Swinging Strike 0-1: Fielders Choice at 2nd, 5-4 (Groundball, 6S, EV 87.5 MPH)
|
|
Batting: RHB Tim Dower
|
0-0: Fielders Choice at 2nd, 5-4 (Groundball, 56, EV 94.4 MPH)
|
| Bottom of the 7th over - 0 runs, 1 hit, 0 errors, 1 left on base; University of Miami 3 - University of Florida 5 |
| TOP OF THE 8TH |
|
University of Miami Hurricanes batting - Pitching for University of Florida Gators : RHP Eddie Laura
|
|
Pitching: RHP David Oviedo
|
|
|
Batting: RHB Dustin Goldsborough
|
0-0: Ball 1-0: Foul Ball, location: 2F 1-1: Ball 2-1: Ball 3-1: Swinging Strike 3-2: Strikes out swinging
|
|
Batting: SHB Dan Strickland
|
0-0: Foul Ball, location: 2F 0-1: Ball 1-1: Fly out, F5 (Popup, 56S, EV 77.5 MPH)
|
|
Batting: RHB Akira Kubo
|
0-0: Ball 1-0: Ball 2-0: Ball 3-0: Called Strike 3-1: Swinging Strike 3-2: Base on Balls
|
|
Batting: RHB Alex Velasco
|
0-0: Ball 1-0: Called Strike 1-1: Ball 2-1: Ball 3-1: Base on Balls Akira Kubo to second
|
|
Batting: RHB Guo Kwok
|
0-0: Ball 1-0: Ball 2-0: Reached on error, E6 (Groundball, 6, EV 83.8 MPH) Akira Kubo to third Alex Velasco to second
|
|
Batting: RHB Earl Crabtree
|
0-0: Foul Ball, location: 2F 0-1: Called Strike 0-2: Ball 1-2: Strikes out swinging
|
| Top of the 8th over - 0 runs, 0 hits, 1 error, 3 left on base; University of Miami 3 - University of Florida 5 |
| BOTTOM OF THE 8TH |
|
University of Florida Gators batting - Pitching for University of Miami Hurricanes : RHP Ramon Mena
|
|
Batting: RHB Alejandro Gomez
|
0-0: Called Strike 0-1: Ball 1-1: Swinging Strike 1-2: Ball 2-2: Strikes out looking
|
|
Batting: RHB Eddie Luna
|
0-0: Foul Ball, location: 2F 0-1: Ball 1-1: Swinging Strike 1-2: Ball 2-2: Ball 3-2: Foul Ball, location: 2F 3-2: Base on Balls
|
|
Batting: RHB Ryan Jennings
|
0-0: Called Strike 0-1: Ball 1-1: Ball 2-1: Called Strike 2-2: Foul Ball, location: 2F 2-2: Ball 3-2: Base on Balls Eddie Luna to second
|
|
Batting: RHB Amare Brown
|
0-0: Fielders Choice at 2nd, 3-6 (Groundball, 34, EV 82.5 MPH) Eddie Luna to third
|
|
Batting: RHB Troy Morin
|
0-0: Called Strike 0-1: Fielders Choice at 2nd, 5-4 (Groundball, 56, EV 84.4 MPH)
|
| Bottom of the 8th over - 0 runs, 0 hits, 0 errors, 2 left on base; University of Miami 3 - University of Florida 5 |
| TOP OF THE 9TH |
|
University of Miami Hurricanes batting - Pitching for University of Florida Gators : RHP David Oviedo
|
|
Pitching: RHP Brian Hunt
|
|
|
Now at 1B: Jorge Lagunas
|
|
|
Pinch Hitting: RHB Carlos Almada
|
0-0: Swinging Strike 0-1: Ball 1-1: Swinging Strike 1-2: Foul Ball, location: 2F 1-2: Strikes out looking
|
|
Batting: LHB Eric Willis
|
0-0: Ball 1-0: Ground out 1-3 (Groundball, 15, EV 68.1 MPH)
|
|
Batting: LHB Kiyosumi Yoshioka
|
0-0: Ball 1-0: Ground out 3-1 (Groundball, 34, EV 88.1 MPH)
|
| Top of the 9th over - 0 runs, 0 hits, 0 errors, 0 left on base; University of Miami 3 - University of Florida 5 |
|